 Dungeon Crawl Stone Soup version 0.20-a0-555-g2849729 (webtiles) character file.

137 shpingle the Chiller (level 4, -4/30 HPs)
             Began as a Cyno Ice Elementalist on Mar 10, 2017.
             Slain by an orc
             ... wielding a +2 flail of protection
              (8 damage)
             ... on level 3 of the Dungeon.
             The game lasted 00:12:52 (2784 turns).

shpingle the Chiller (Cyno Ice Elementalist)        Turns: 2784, Time: 00:12:52

Health: -4/30      AC:  4    Str:  7    XL:     4   Next: 68%
Magic:  1/9        EV: 14    Int: 16    God:
Gold:   136        SH:  0    Dex: 14    Spells: 3/9 levels left

rFire    . . .     SeeInvis .   y - +0 whip (venom)
rCold    . . .     Gourm    .   a - +0 robe
rNeg     . . .     Faith    .   (no shield)
rPois    .         Spirit   .   (no helmet)
rElec    .         Reflect  .   r - +0 cloak
rCorr    .         Harm     .   t - +0 pair of gloves
MR       .....                  (no boots)
Stlth    ++........             (no amulet)
Regen    0.1/turn               (no ring)
                                (no ring)

@: no status effects
A: short attention span, strong nose 1
a: no special abilities


You were on level 3 of the Dungeon.
You were not hungry.

You visited 1 branch of the dungeon, and saw 3 of its levels.

You collected 136 gold pieces.

Inventory:

Hand Weapons
 s - a +0 short sword of speed
 y - a +0 whip of venom (weapon)
Missiles
 i - 36 stones (quivered)
Armour
 a - a +0 robe (worn)
 m - a +2 robe of cold resistance
 r - a +0 cloak (worn)
 t - a +0 pair of gloves (worn)
Wands
 x - a wand of lightning (4/15)
Scrolls
 d - a scroll of enchant weapon {unknown}
 h - 2 scrolls of fog
 u - a scroll of recharging {unknown}
 v - a scroll of fear {unknown}
Potions
 e - 2 potions of curing
 j - a potion of berserk rage {unknown}
 k - a potion of cancellation
 l - a potion of magic {unknown}
Books
 b - a book of Frost

   Spells                             Type                      Level
   a - Freeze                         Ice                          1
   b - Throw Frost                    Conjuration/Ice              2
   c - Ozocubu's Armour               Charms/Ice                   3
   d - Throw Icicle                   Conjuration/Ice              4
   e - Summon Ice Beast               Ice/Summoning                4
Comestibles
 c - 3 bread rations
 n - 2 royal jellies
 w - 3 fruits


   Skills:
 + Level 1.1 Maces & Flails
 + Level 4.4 Dodging
 - Level 2.6 Stealth
 - Level 3.3 Spellcasting
 * Level 3.5 Conjurations
 + Level 6.3 Ice Magic


You had 3 spell levels left.
You knew the following spells:

 Your Spells              Type           Power        Failure   Level  Hunger
a - Freeze                Ice            ###.         1%          1    None
b - Throw Frost           Conj/Ice       ###...       4%          2    ##.....
c - Ozocubu's Armour      Chrm/Ice       ##......     17%         3    ###....


Dungeon Overview and Level Annotations

Branches:
Dungeon (3/15)

Altars:

Annotations:
D:2 1 runed door, exclusion: downstairs
D:3 Ijyb


Innate Abilities, Weirdness & Mutations

You have a short attention span.
You have a good sense of smell.


Message History

You now have 0/9 mp.
You barely miss the orc.
The orc hits you with a vampiric hand axe.
* * * LOW HITPOINT WARNING * * *
You take 4 damage, and have 11/30 hp.
You barely miss the orc.
The orc hits you with a flail of protection.
* * * LOW HITPOINT WARNING * * *
The orc closely misses you.
You take 6 damage, and have 5/30 hp.
It was a potion of cancellation.
Your magical effects are unravelling.
You feel magically purged.
Your icy armour evaporates.
The orc barely misses you.
It was a potion of curing.
You feel better.
The orc hits you with a vampiric hand axe.
* * * LOW HITPOINT WARNING * * *
The orc hits you with a flail of protection!
You die...

...............# ⌠#
...........o.(.# .
...........o.((# #
..........↑↑.(<# #
............↑.## #
........§§..↑(.# #
....↑...#§#§.(.# #
.......##§oo§↑.## ##
....... ##@§.↑..## ##.
#.###.###↑.....↑# ##..
.......(........######...
##.............(.........
##.((..........(........
...>(.......↑............
##.....................[g
..#................>....g
....................(..g.


You could see 2 orcs.

Vanquished Creatures
  An orc priest (D:3)
  Robin (D:3)
  2 adders
  2 oozes (D:3)
  A dart slug (D:1)
  3 leopard geckos
  6 orcs (D:3)
  A ball python (D:2)
  3 giant cockroaches (D:3)
  13 goblins
  7 hobgoblins
  7 kobolds
  5 bats
  3 frilled lizards (D:1)
  4 rats
59 creatures vanquished.

Notes
Turn   | Place    | Note
-------+----------+-------------------------------------------
     0 | D:1      | shpingle the Cyno Ice Elementalist began the quest for the Orb.
     0 | D:1      | Reached XP level 1. HP: 13/13 MP: 4/4
   136 | D:1      | You fall through a shaft!
   234 | D:1      | Reached skill level 5 in Ice Magic
   269 | D:1      | Reached XP level 2. HP: 19/19 MP: 4/6
   292 | D:1      | Learned a level 2 spell: Throw Frost
  1123 | D:2      | Reached XP level 3. HP: 17/24 MP: 0/7
  1398 | D:2      | Reached skill level 6 in Ice Magic
  1416 | D:2      | Learned a level 3 spell: Ozocubu's Armour
  1537 | D:2      | Found a runed door.
  1950 | D:3      | Noticed Robin
  2212 | D:3      | Noticed Ijyb
  2220 | D:3      | Killed Robin
  2225 | D:2      | Reached XP level 4. HP: 30/30 MP: 0/9
  2344 | D:3      | Reached skill level 3 in Conjurations
  2784 | D:3      | Slain by an orc

Vault maps used:
D:1:      scummos_arrival_hexagon, kennysheep_small_spiral
D:2:      first_bread, uniq_crazy_yiuf_cottage
D:3:      tgw_xom, uniq_robin, uniq_iyjb

Skill      XL: |  1  2  3  4 |
---------------+-------------+-----
Ice Magic      | 5 6 |  6.3
Conjurations   | 2 3 |  3.5
Dodging        | 4 |  4.4
Maces & Flails | 1 |  1.1
Stealth        | |  2.6
Spellcasting   | |  3.3

Action                   |  1- 3 |  4- 6 || total
-------------------------+-------+-------++-------
Melee: Club              |     2 |       ||     2
       Short sword       |    11 |       ||    11
       Hand axe          |     1 |       ||     1
       Whip              |     6 |    18 ||    24
Throw: Stone             |    53 |    26 ||    79
 Cast: Freeze            |    24 |     3 ||    27
       Throw Frost       |    30 |    17 ||    47
       Ozocubu's Armour  |     1 |     1 ||     2
  Use: Scroll            |     1 |     1 ||     2
       Potion            |       |     2 ||     2
  Eat: Chunk             |     5 |     3 ||     8
Armor: Robe              |     9 |     3 ||    12
Dodge: Dodged            |    27 |    13 ||    40
